 Dungeon Crawl Stone Soup version 0.27.1 (webtiles) character file.

Game seed: 17476087855469926597

114 Gwenloh the Skirmisher (level 4, -2/49 HPs)
             Began as an Ogre Berserker on Aug 28, 2021.
             Was a Believer of Trog.
             Slain by an orc (10 damage)
             ... on level 2 of the Dungeon.
             The game lasted 00:03:43 (2000 turns).

Gwenloh the Skirmisher (Ogre Berserker)             Turns: 2000, Time: 00:03:47

Health: -2/49      AC:  3    Str: 21    XL:     4   Next: 97%
Magic:  4/4        EV: 10    Int:  8    God:    Trog [**....]
Gold:   69         SH:  0    Dex:  9    Spells: 3/3 levels left

rFire    . . .     SeeInvis .   a - +0 mace
rCold    . . .     Faith    .   (no shield)
rNeg     . . .     Spirit   .   m - +0 animal skin
rPois    .         Reflect  .   (helmet restricted)
rElec    .         Harm     .   (no cloak)
rCorr    .         Rampage  .   (gloves unavailable)
Will     ++...                  (boots unavailable)
Stlth    +.........             (no amulet)
HPRegen  1.16/turn              (no ring)
MPRegen  0.09/turn              (no ring)

@: strong-willed (expiring), on berserk cooldown, regenerating (expiring),
slowed, very slow
A: large, unfitting armour, tough skin 1
a: Renounce Religion, Berserk, Trog's Hand


You were on level 2 of the Dungeon.
You worshipped Trog.
Trog was pleased with you.
You visited 1 branch of the dungeon, and saw 3 of its levels.

You collected 69 gold pieces.

Inventory:

Hand Weapons
 a - a +0 mace (weapon)
 b - a +0 hunting sling
Missiles
 d - 69 sling bullets
Armour
 m - a +0 animal skin (worn)
Scrolls
 c - 3 scrolls of identify {unknown}
 g - 2 scrolls of blinking {unknown}
 h - a scroll of enchant armour {unknown}
 i - 2 scrolls of teleportation {unknown}
 j - 2 scrolls of amnesia {unknown}
 k - a scroll of immolation {unknown}
Potions
 e - 3 potions of degeneration {unknown}
 f - a potion of haste {unknown}
 l - 2 potions of curing {unknown}


   Skills:
 + Level 4.7 Fighting
 * Level 3.8 Maces & Flails
 * Level 3.7 Dodging


You had 3 spell levels left.
You didn't know any spells.
Your spell library contained the following spells:

 Spells                   Type           Power      Damage    Failure   Level
 Foxfire                  Conj/Fire      0%         2x1d4     41%         1
 Conjure Flame            Conj/Fire      0%         6-21      78%         3
 Inner Flame              Hex/Fire       0%         N/A       78%         3


Dungeon Overview and Level Annotations

Branches:
Dungeon (3/15)

Altars:

Shops:
D:1 *

Annotations:
D:3 Grinder


Innate Abilities, Weirdness & Mutations

You are too large for most types of armour.
You have tough skin. (AC +1)


Message History

The orc priest invokes the aid of Beogh against you.
Beogh smites you! The orc hits you but does no damage. The hound bites you.
The orc hits you with a +0 club. The orc barely misses you. x2
You climb upwards.
You feel a strong urge to attack something.
There is a stone staircase leading down here.
You barely miss the hound.
The hound is almost dead.
The hound barely misses you. The orc closely misses you.
The orc barely misses you.
You barely miss the hound.
The hound is almost dead.
You feel the effects of Trog's Hand fading.
The hound bites you. The hound bites you but does no damage.
The orc hits you but does no damage.
You miss the hound.
The hound is almost dead.
You are no longer berserk.
You are exhausted.
You feel yourself slow down. The orc hits you with a +0 flail!
The hound barely misses you.
You are too injured to fight recklessly!
You are too injured to fight recklessly!
You are too injured to fight recklessly!
You are too injured to fight recklessly!
You sock the orc!
You kill the orc!
Trog accepts your kill.
You can now call upon Trog for regeneration and willpower.
The hound bites you. The orc barely misses you. The hound bites you.
The orc closely misses you. The hound barely misses you.
You hit the orc.
The orc is moderately wounded.
The hound bites you. The orc hits you with a +0 flail.
* * * LOW HITPOINT WARNING * * *
The hound bites you.
* * * LOW HITPOINT WARNING * * *
The orc hits you with a +0 flail!
You die...

#.# #. #.# ######.
#.# #......
####.#######......
#..........#......
#.##..#.##.#.....#
#o##..#.##.#.....#
#h##....##.#######
#@###.#.##.#
#)o.....##.#######
####..............
#.##.##[#.#####
#.##.##.#.#####
#.##..^.#.##...
#.##.#........#
#.##.##.#.##.##
#..............


You could see a hound and 2 orcs.

Vanquished Creatures
  An orc wizard (D:3)
  A hound skeleton (D:2)
  2 adders (D:2)
  2 worms (D:2)
  2 dart slugs (D:2)
  An orc (D:2)
  3 ball pythons
  2 endoplasms
  A giant cockroach (D:1)
  5 goblins
  6 hobgoblins
  2 jackals (D:1)
  A quokka (D:2)
  8 bats
  2 frilled lizards
  A kobold (D:1)
  7 rats
47 creatures vanquished.

Notes
Turn   | Place    | Note
-------+----------+-------------------------------------------
     0 | D:1      | Gwenloh the Ogre Berserker began the quest for the Orb.
     0 | D:1      | Reached XP level 1. HP: 24/24 MP: 1/1
   154 | D:1      | Reached XP level 2. HP: 28/32 MP: 2/2
   193 | D:1      | Found Qebom's Assorted Antiques.
  1035 | D:2      | Reached XP level 3. HP: 38/40 MP: 3/3
  1296 | D:2      | Reached ** piety under Trog
  1309 | D:2      | Reached XP level 4. HP: 31/49 MP: 4/4
  1982 | D:3      | Noticed Grinder
  2000 | D:2      | Slain by an orc

Illustrated notes

Levels and vault maps discovered:
D:1:      amcnicky_arrival_single_pillar, layout_basic, serial_shops,
          nicolae_shop_trees
D:2:      layout_loops_cross, minmay_vboxes
D:3:      layout_loops_ring, ebering_ecumenical_altar_sacrificial, uniq_grinder

Skill      XL: |  1  2 |
---------------+-------+-----
Maces & Flails | 3 |  3.8
Dodging        | 3 |  3.7
Fighting       | |  4.7

Action                   |  1- 3 |  4- 6 || total
-------------------------+-------+-------++-------
Melee: Mace              |    91 |    49 ||   140
 Fire: Hunting sling     |       |    15 ||    15
Invok: Trog's Hand       |     1 |     2 ||     3
       Berserk           |       |     1 ||     1
Armor: Animal skin       |    40 |    16 ||    56
Dodge: Dodged            |    73 |    43 ||   116
